 Dungeon Crawl Stone Soup version 0.22-a0-750-ga7dcef7 (webtiles) character file.

106817 Mamutox the Cleaver (level 15, -4/122 HPs)
             Began as a Demonspawn Chaos Knight on July 15, 2018.
             Slain by an emperor scorpion (7 damage)
             ... on level 2 of the Spider Nest.
             The game lasted 02:11:37 (28088 turns).

Mamutox the Cleaver (Demonspawn Chaos Knight)      Turns: 28088, Time: 02:11:39

Health: -4/122     AC: 18    Str: 14    XL:     15   Next: 98%
Magic:  0/23       EV: 18    Int: 14    God:    Xom [....*.]
Gold:   2780       SH:  8    Dex: 19    Spells: 14/14 levels left

rFire    + . .     SeeInvis +   L - +4 war axe (venom)
rCold    + . .     Gourm    .   E - +2 buckler
rNeg     . . .     Faith    +   H - +0 swamp dragon scales
rPois    +         Spirit   +   (helmet unavailable)
rElec    +         Reflect  .   M - +2 cloak
rCorr    .         Harm     .   y - +0 pair of gloves
MR       ++...                  (no boots)
Stlth    ++........             t - amulet of faith
HPRegen  0.70/turn              v - ring of protection from cold
MPRegen  0.36/turn              w - +4 ring of dexterity

@: no status effects
A: claws 2, hooves 2, horns 3, rugged brown scales 2, see invisible, clumsy 1,
deterioration 1, fire resistance 1, high mp 1, magic resistance 1, powered by
pain 2, regeneration 1, shaggy fur 1, electricity resistance, wild magic 3,
evolution 1, magic shield, magic regeneration, no potion heal 1
a: Renounce Religion


You were on level 2 of the Spider Nest.
You worshipped Xom.
You were a beloved toy of Xom.
You were not hungry.

You visited 3 branches of the dungeon, and saw 18 of its levels.
You also visited: Labyrinth and Ossuary.

You collected 2923 gold pieces.
You spent 143 gold pieces at shops.

Inventory:

Hand Weapons
 L - a +4 war axe of venom (weapon)
 P - a +3 war axe of flaming
 T - a +4 battleaxe of freezing
Missiles
 O - a throwing net
 V - 6 needles of confusion
 X - 18 javelins of returning (quivered)
Armour
 y - a +0 pair of gloves (worn)
 E - a +2 buckler (worn)
 H - +0 swamp dragon scales (worn)
 K - the +1 chain mail of Hirealet {rC+++ Int+6 Stlth+}
   (You took it off an orc warrior on level 7 of the Dungeon)

   It affects your intelligence (+6).
   It renders you almost immune to cold.
   It makes you more stealthy.
 M - a +2 cloak (worn)
 Q - a +2 scale mail of positive energy
Jewellery
 b - an uncursed amulet of rage
 t - an amulet of faith (around neck)
 v - a ring of protection from cold (left hand)
 w - a +4 ring of dexterity (right hand)
 z - an uncursed ring of positive energy
 F - an uncursed amulet of the acrobat
Wands
 j - a wand of random effects (46)
 s - a wand of enslavement (14)
 u - a wand of flame (47)
 G - a wand of acid (10)
 I - a wand of iceblast (23)
 N - a wand of disintegration (20)
 S - a wand of polymorph (18)
 Y - a wand of clouds (9)
 Z - a wand of paralysis (24)
Scrolls
 d - 2 scrolls of amnesia
 e - 3 scrolls of blinking
 i - 4 scrolls of magic mapping
 k - 6 scrolls of remove curse
 m - 4 scrolls of teleportation
 n - 10 scrolls of enchant armour
 q - a scroll of fear
 x - a scroll of brand weapon
 B - 3 scrolls of enchant weapon
 J - 2 scrolls of fog
Potions
 f - 8 potions of heal wounds
 g - a potion of agility
 h - 4 potions of lignification
 l - 12 potions of curing
 o - 3 potions of might
 p - 5 potions of haste
 r - 2 potions of brilliance
 A - a potion of berserk rage
 C - a potion of cancellation
 D - 2 potions of flight
Miscellaneous
 a - a lamp of fire
 U - 2 sacks of spiders
Comestibles
 c - 41 rations


   Skills:
 - Level 10.4 Fighting
 - Level 14.4 Axes
 - Level 6.5 Throwing
 * Level 10.9 Armour
 - Level 10.2 Dodging
 - Level 4.3 Stealth
 - Level 5.4 Shields
 - Level 8.4 Evocations


You had 14 spell levels left.
You didn't know any spells.
Your spell library contained the following spells:

 Spells                   Type           Power        Failure   Level  Hunger
 Throw Flame              Conj/Fire      #.....       82%         2    ###....
 Throw Frost              Conj/Ice       #.....       82%         2    ###....
 Static Discharge         Conj/Air       #.......     95%         3    ####...
 Tornado                  Air            #.........   100%        9    #######
 Force Lance              Conj/Tloc      #.......     100%        4    #####..


Dungeon Overview and Level Annotations

Branches:
Dungeon (10/15)            Temple (0/1) D:5            Lair (6/6) D:10
 Shoals (0/4) Lair:4       Spider (2/4) Lair:4        Slime (0/5) Lair:5
    Orc: D:9-12

Altars:
Elyvilon
Gozag
Nemelex Xobeh
Okawaru
Sif Muna
Trog
Xom
Beogh
Jiyva

Shops:
D:7 *   D:8 (

Annotations:
Lair:1 exclusion: 3 oklob plants


Innate Abilities, Weirdness & Mutations

You have a pair of large horns on your head.
You are mostly covered in rugged brown scales. (AC +2, +5% HP)
You sometimes gain power by taking damage.
When hurt, damage is shared between your health and your magic reserves.
You regenerate magic rapidly.
You have very sharp fingernails.
You have hoof-like feet.
You have supernaturally acute eyesight. (SInv)
You are clumsy. (Dex -2)
Your body sometimes deteriorates upon taking damage.
Your flesh is heat resistant. (rF+)
You have an increased reservoir of magic. (+10% MP)
You are resistant to hostile enchantments. (MR+)
Your natural rate of healing is unusually fast.
You are covered in fur. (AC +1)
You are resistant to electric shocks. (rElec)
Your spells are much harder to cast, but much more powerful.
You evolve.
Potions are less effective at restoring your health.


Message History

The emperor scorpion misses you.
Your system partially rejects the healing.
You feel better.
Your cleaving frenzy subsides.
The emperor scorpion stings you!
* * * LOW HITPOINT WARNING * * *
The emperor scorpion claws you!
* * * LOW HITPOINT WARNING * * *
You block the emperor scorpion's attack.
Evoke which item? (* to show all) (? for menu, Esc to quit)
Aiming: Throw Flame
Press: ? - help, Shift-Dir - straight line, f/p - emperor scorpion
Aim: an emperor scorpion (almost dead, poisoned)
The puff of flame hits the emperor scorpion.
The emperor scorpion is almost dead.
The emperor scorpion stings you!
* * * LOW HITPOINT WARNING * * *
The emperor scorpion claws you!
You die...
Xom roars with laughter!

#.... ###.. #.. #
..# ^# ..# #
###### #... ..
##.##.#..# ....^
#..#....####....#
#^.....@#......#
#...#...#.s.s...##
. ##..##.#.#...#
#..#######....#
#..# ..... ####
.... .#. ##


You could see an emperor scorpion and an orb spider.

Vanquished Creatures
  Rupert (Lair:3)
  An entropy weaver (Spider:2)
  A spark wasp (Spider:2)
  A minotaur (Lab)
  The ghost of Urec the Martial Artist, a journeyman OpWn of Gozag (Lair:4)
  Snorg (Lair:4)
  A fire dragon (Lair:6)
  3 hydras
  Fannar (Lair:2)
  2 two-headed ogres
  A swamp dragon (Lair:6)
  2 lindwurms
  3 orb spiders
  13 wolf spiders
  A manticore (Lair:4)
  A faun (D:10)
  12 elephants
  The ghost of Hebeh the Destroyer, a novice DEFE of Vehumet (D:7)
  A moth of wrath (shapeshifter) (D:10)
  10 black mambas
  18 spiny frogs
  A guardian serpent (Lair:6)
  3 torpor snails
  6 komodo dragons
  4 rime drakes
  5 demonic crawlers
  A queen bee (Spider:1)
  14 jumping spiders
  5 polar bears
  3 meliai (Spider:1)
  8 hornets
  3 trolls
  A raiju (Lair:1)
  11 blink frogs
  8 hippogriffs
  A spriggan (Lair:3)
  8 tarantellas
  41 redbacks
  23 yaks
  4 steam dragons
  2 hogs (D:7)
  10 wyverns
  8 basilisks
  A hungry ghost (Lab)
  2 acid dragons (Lair:6)
  18 water moccasins
  2 hell hounds (D:10)
  7 porcupines
  3 sky beasts
  A swamp drake (Lair:6)
  5 orc warriors
  5 black bears
  8 ogres
  A phantom (D:9)
  A tengu (Lair:1)
  3 centaurs
  17 crocodiles
  9 wolves
  4 big kobolds
  5 elf zombies (Ossuary)
  A gnoll sergeant (D:5)
  14 bullfrogs
  4 scorpions
  A water moccasin skeleton (D:10)
  14 killer bees
  8 wights
  3 howler monkeys
  An electric eel (Lair:1)
  7 crimson imps
  A bullfrog zombie (D:5)
  7 hounds
  3 human zombies (Ossuary)
  3 centaur skeletons
  5 centaur zombies
  A bullfrog skeleton (D:4)
  5 orc priests
  2 jellies
  7 orc wizards
  Natasha (thrice) (D:4)
  3 iguanas
  7 worker ants
  A hound zombie (D:7)
  2 hound skeletons (D:4)
  4 mummies
  2 worker ant zombies (D:7)
  12 gnolls
  A howler monkey skeleton (D:7)
  14 adders
  A shadow imp (D:10)
  3 adder zombies
  3 adder skeletons (D:9)
  A worm (D:2)
  11 dart slugs
  6 leopard geckos
  31 orcs
  6 bats
  2 giant cockroaches
  3 goblins
  5 hobgoblins
  9 jackals
  6 quokkas
  4 frilled lizards
  A hobgoblin zombie (D:8)
  29 kobolds
  2 kobold zombies (D:8)
  A leopard gecko zombie (D:7)
  An orc zombie (D:8)
  A quokka skeleton (D:9)
  28 rats
  4 fungi
  4 plants
636 creatures vanquished.

Vanquished Creatures (collateral kills)
  An orb spider (Spider:2)
  A black mamba (Lair:3)
  An elephant (Lair:4)
  A spiny frog (Lair:1)
  A komodo dragon (Lair:6)
  A polar bear (Lair:1)
  3 blink frogs (Lair:1)
  2 hogs (D:7)
  5 yaks (Lair:1)
  A human (D:7)
  A warg (D:7)
  A water moccasin (Lair:6)
  An acid dragon (Lair:6)
  An orc warrior (D:7)
  A scorpion (D:7)
  A killer bee (Spider:1)
  An orc priest (D:7)
  3 orcs (D:7)
  A fungus (Lair:4)
  A plant (Lair:6)
29 creatures vanquished.

Vanquished Creatures (others)
  A hydra (Lair:1)
  An ugly thing (D:10)
  An elephant (Lair:5)
  3 yaks (Lair:3)
  Blork the orc (D:9)
  A bullfrog (Lair:5)
  7 fungi
  75 plants
90 creatures vanquished.

Grand Total: 755 creatures vanquished

Notes
Turn   | Place    | Note
-------+----------+-------------------------------------------
     0 | D:1      | Mamutox the Demonspawn Chaos Knight began the quest for the Orb.
     0 | D:1      | Reached XP level 1. HP: 18/18 MP: 1/1
    47 | D:1      | Reached skill level 3 in Axes
   132 | D:1      | Gained mutation: You are partially covered in rugged brown scales. (AC +1, +3% HP) [demonic ancestry]
   132 | D:1      | Reached XP level 2. HP: 15/24 MP: 2/2
   237 | D:1      | XOM: divination: detect items
   271 | D:1      | XOM: harmless Pois miscast
   532 | D:1      | XOM: medium Conj miscast
   671 | D:1      | XOM: divination: detect items
   870 | D:1      | XOM: harmless Pois miscast
   915 | D:1      | XOM: mild Air miscast
  1431 | D:2      | Gained mutation: When hurt, damage is shared between your health and your magic reserves. [demonic ancestry]
  1431 | D:2      | Reached XP level 3. HP: 29/29 MP: 3/3
  1436 | D:2      | XOM: enchant monster (bad)
  1443 | D:2      | Reached skill level 4 in Axes
  1514 | D:2      | XOM: silly message
  1661 | D:2      | XOM: give mutations
  1661 | D:2      | Gained mutation: You tend to lose your temper in combat. [Xom's mischief]
  1661 | D:2      | Gained mutation: You are frail. (-10% HP) [Xom's mischief]
  1661 | D:2      | Gained mutation: You are very frail. (-20% HP) [Xom's mischief]
  1661 | D:2      | Gained mutation: You occasionally shout uncontrollably at your foes. [Xom's mischief]
  1692 | D:2      | Found a faded altar of an unknown god.
  1902 | D:2      | Gained mutation: You sometimes gain a little power by taking damage. [demonic ancestry]
  1902 | D:2      | Reached XP level 4. HP: 23/29 MP: 4/4
  2240 | D:2      | XOM: noise
  2525 | D:3      | Reached skill level 5 in Axes
  2545 | D:3      | Found a sparkling altar of Nemelex Xobeh.
  2586 | D:3      | XOM: 7-stop teleportation journey
  2596 | D:3      | XOM: medium Hex miscast
  2613 | D:3      | Reached XP level 5. HP: 31/34 MP: 5/5
  2910 | D:4      | XOM: confusion
  2917 | D:4      | XOM: noise
  2929 | D:4      | Reached skill level 6 in Axes
  2930 | D:4      | Reached XP level 6. HP: 34/39 MP: 4/6
  3110 | D:4      | Noticed Natasha
  3116 | D:4      | Killed Natasha
  3187 | D:4      | XOM: destruction
  3418 | D:4      | Reached skill level 5 in Fighting
  3418 | D:4      | Reached XP level 7. HP: 21/46 MP: 4/7
  3425 | D:4      | Noticed Natasha
  3483 | D:4      | XOM: scenery: create altars
  3609 | D:4      | Killed Natasha
  3710 | D:4      | Noticed Natasha
  3716 | D:4      | Killed Natasha
  3782 | D:5      | Entered Level 5 of the Dungeon
  3853 | D:5      | Reached skill level 1 in Dodging
  3983 | D:5      | XOM: scenery: create altars
  3986 | D:5      | XOM: summons friendly ufetubus
  3998 | D:4      | XOM: fog
  4232 | D:5      | XOM: confuse monster(s)
  4330 | D:5      | XOM: 2-stop teleportation journey
  4335 | D:5      | Gained mutation: You sometimes gain power by taking damage. [demonic ancestry]
  4335 | D:5      | Reached XP level 8. HP: 50/53 MP: 8/8
  4799 | D:5      | XOM: 1-stop teleportation journey
  4840 | D:5      | Found a staircase to the Ecumenical Temple.
  4859 | D:5      | XOM: give mutations
  4859 | D:5      | Gained mutation: You have an increased reservoir of magic. (+10% MP) [Xom's grace]
  4859 | D:5      | Lost mutation: You tend to lose your temper in combat. [Xom's grace]
  5057 | D:5      | XOM: god gift: scroll labeled MEOTAL YNIFOC {god gift}
  5121 | D:6      | XOM: butterfly on damage
  5167 | D:6      | XOM: give mutations
  5167 | D:6      | Gained mutation: You have a considerably increased reservoir of magic. (+20% MP) [Xom's grace]
  5167 | D:6      | Gained mutation: You are resistant to hostile enchantments. (MR+) [Xom's grace]
  5259 | D:6      | XOM: god gift: 38 gold pieces
  5290 | D:6      | XOM: fog
  5472 | D:6      | XOM: god gift: robe {god gift}
  5476 | D:6      | XOM: summons friendly crimson imp
  5536 | D:6      | XOM: mild Conj miscast
  5814 | D:6      | Reached skill level 1 in Shields
  5907 | D:6      | XOM: stat loss: -1 Str (12/13)
  6001 | D:6      | XOM: noise
  6039 | D:7      | XOM: confusion (+ monsters)
  6090 | D:7      | Found a sand-covered staircase.
  6095 | Ossuary  | Entered an ossuary
  6108 | Ossuary  | XOM: destruction
  6109 | Ossuary  | XOM: fog
  6123 | Ossuary  | XOM: divination: magic mapping
  6155 | Ossuary  | XOM: divination: detect items
  6189 | Ossuary  | Reached XP level 9. HP: 44/57 MP: 10/10
  6227 | Ossuary  | Lost mutation: You are very frail. (-20% HP) [potion of mutation]
  6227 | Ossuary  | Lost mutation: You are resistant to hostile enchantments. (MR+) [potion of mutation]
  6227 | Ossuary  | Lost mutation: You have a considerably increased reservoir of magic. (+20% MP) [potion of mutation]
  6227 | Ossuary  | Lost mutation: You occasionally shout uncontrollably at your foes. [potion of mutation]
  6227 | Ossuary  | Gained mutation: Your flesh is cold resistant. (rC+) [potion of mutation]
  6227 | Ossuary  | Gained mutation: You have supernaturally acute eyesight. (SInv) [potion of mutation]
  6329 | Ossuary  | Reached skill level 5 in Shields
  6493 | D:7      | XOM: summons 2 friendly demons
  6497 | D:7      | XOM: god gift: 53 gold pieces
  6574 | D:7      | XOM: potion effect (invisibility)
  6576 | D:7      | Reached skill level 7 in Axes
  6619 | D:7      | Found Gozag's Platinum Reserve.
  6619 | D:7      | Found an opulent altar of Gozag.
  6619 | D:7      | XOM: 5-stop teleportation journey
  6694 | D:7      | Found a runed gate.
  6694 | D:7      | Found a runed gate.
  6696 | D:7      | Found a runed gate.
  6704 | D:7      | Noticed Hebeh's ghost (novice DEFE)
  6705 | D:7      | Found a roughly hewn altar of Beogh.
  6711 | D:7      | XOM: cast spell 'Monstrous Menagerie'
  6736 | D:7      | Killed Hebeh's ghost
  6736 | D:7      | Reached skill level 8 in Axes
  6755 | D:7      | Got a pitted battleaxe {flame}
  6755 | D:7      | Got a pearl-encrusted chain mail
  6797 | D:7      | Identified the cursed +1 chain mail of Hirealet {rC+++ Int+6 Stlth+} (You took it off an orc warrior on level 7 of the Dungeon)
  6804 | D:7      | Identified the cursed +0 battleaxe of Valiance {flame, Str+2} (You took it off an orc warrior on level 7 of the Dungeon)
  7010 | D:7      | Noticed a two-headed ogre
  7016 | D:7      | Killed a two-headed ogre
  7016 | D:7      | Reached skill level 5 in Armour
  7016 | D:7      | Reached XP level 10. HP: 70/70 MP: 9/11
  7076 | D:7      | Found a sparkling altar of Nemelex Xobeh.
  7076 | D:7      | Found a white marble altar of Elyvilon.
  7077 | D:7      | Found an iron altar of Okawaru.
  7079 | D:7      | XOM: scenery: 1 doors close
  7307 | D:7      | Reached skill level 9 in Axes
  7403 | D:8      | XOM: potion effect (invisibility)
  7516 | D:8      | Found a bloodstained altar of Trog.
  7943 | D:8      | Lost mutation: Your flesh is cold resistant. (rC+) [potion of mutation]
  7943 | D:8      | Lost mutation: You are frail. (-10% HP) [potion of mutation]
  7943 | D:8      | Gained mutation: Potions are less effective at restoring your health. [potion of mutation]
  7943 | D:8      | Gained mutation: You have large cloven feet. [potion of mutation]
  7943 | D:8      | Gained mutation: You are weak. (Str -2) [potion of mutation]
  7943 | D:8      | Gained mutation: You are robust. (+10% HP) [potion of mutation]
  8067 | D:8      | Found Ririsepp's Antique Weapon Emporium.
  8075 | D:8      | Bought a runed war axe for 143 gold pieces
  8110 | D:8      | XOM: 3-stop teleportation journey
  8361 | D:8      | XOM: enchant monster (bad)
  8363 | D:8      | Reached skill level 10 in Axes
  8425 | D:8      | XOM: medium Summ miscast
  8963 | D:9      | XOM: 1-stop teleportation journey
  8964 | D:9      | Noticed Blork the orc
  8964 | D:9      | Found a deep blue altar of Sif Muna.
  8970 | D:9      | XOM: give mutations
  8970 | D:9      | Gained mutation: You evolve. [Xom's grace]
  8970 | D:9      | Lost mutation: You are weak. (Str -2) [Xom's grace]
  8970 | D:9      | Gained mutation: You are resistant to hostile enchantments. (MR+) [Xom's grace]
  8980 | D:9      | XOM: mild Ice miscast
  9010 | D:9      | XOM: harmless Chrm miscast
  9016 | D:9      | Killed Blork the orc
  9059 | D:9      | Found a deep blue altar of Sif Muna.
  9071 | D:10     | Entered Level 10 of the Dungeon
  9094 | D:10     | XOM: harmless Air miscast
  9130 | D:10     | Noticed a two-headed ogre
  9139 | D:10     | XOM: harmless Tmut miscast
  9141 | D:10     | Noticed a faun
  9141 | D:10     | a two-headed ogre changed into a faun
  9141 | D:10     | XOM: polymorph two-headed ogre -> faun
  9146 | D:10     | XOM: scenery: create altars
  9156 | D:10     | Killed a faun
  9156 | D:10     | Reached skill level 11 in Axes
  9254 | D:10     | XOM: mild Ice miscast
  9275 | D:10     | Gained mutation: You have a pair of small horns on your head. [demonic ancestry]
  9275 | D:10     | Reached XP level 11. HP: 43/91 MP: 12/12
  9377 | D:10     | XOM: harmless Hex miscast
  9490 | D:10     | XOM: polymorph electric eel -> steam dragon
  9559 | D:10     | Gained mutation: You have a pair of horns on your head. [evolution]
  9594 | D:10     | XOM: 1-stop teleportation journey
  9619 | D:9      | XOM: smoke on damage
  9628 | D:9      | XOM: torment (49/91 hp)
 10031 | D:9      | XOM: give mutations
 10031 | D:9      | Gained mutation: You occasionally shout uncontrollably at your foes. [Xom's mischief]
 10031 | D:9      | Lost mutation: You evolve. [Xom's mischief]
 10041 | D:9      | XOM: stat loss: -1 Dex (23/24)
 10255 | D:9      | Noticed a two-headed ogre
 10256 | D:9      | XOM: noise
 10314 | D:9      | Killed a two-headed ogre
 10314 | D:9      | Reached skill level 12 in Axes
 10317 | D:9      | XOM: scenery: 1 doors close
 10394 | D:9      | XOM: 3-stop teleportation journey
 10529 | D:9      | XOM: scenery: 1 doors open
 10617 | D:9      | Paralysed by a hornet for 3 turns
 10824 | D:10     | Noticed a two-headed ogre
 10826 | D:10     | a two-headed ogre changed into a dream sheep
 10826 | D:10     | XOM: polymorph two-headed ogre -> dream sheep
 10826 | D:10     | Noticed a spark wasp
 10826 | D:10     | a dream sheep changed into a spark wasp
 10828 | D:10     | Noticed a fire dragon
 10828 | D:10     | a spark wasp changed into a fire dragon
 10834 | D:10     | Noticed an anaconda
 10834 | D:10     | a fire dragon changed into an anaconda
 10835 | D:10     | an anaconda changed into a faun
 10844 | D:10     | Reached skill level 1 in Evocations
 10928 | D:10     | Found a staircase to the Lair.
 11048 | D:10     | XOM: divination: detect items
 11066 | D:10     | XOM: scenery: 1 doors close
 11213 | D:10     | Noticed a white ugly thing
 11220 | D:10     | Killed a white ugly thing
 11220 | D:10     | XOM: divine lightning
 11324 | D:10     | XOM: give mutations
 11324 | D:10     | Lost mutation: You are robust. (+10% HP) [Xom's mischief]
 11324 | D:10     | Lost mutation: You occasionally shout uncontrollably at your foes. [Xom's mischief]
 11324 | D:10     | Gained mutation: You possess an exceptional clarity of mind. [Xom's mischief]
 11324 | D:10     | Gained mutation: You are clumsy. (Dex -2) [Xom's mischief]
 11527 | Lair:1   | Entered Level 1 of the Lair of Beasts
 11538 | Lair:1   | XOM: summons 11 friendly demons
 11551 | Lair:1   | Reached skill level 5 in Evocations
 11960 | Lair:1   | Noticed a seven-headed hydra
 11976 | Lair:1   | Killed a 15-headed hydra
 11976 | Lair:1   | XOM: divine lightning
 12005 | Lair:1   | XOM: polymorph blink frog -> tengu
 12028 | Lair:1   | XOM: god gift: 19 gold pieces
 12030 | Lair:1   | XOM: snakes to sticks
 12272 | Lair:1   | XOM: give mutations
 12272 | Lair:1   | Gained mutation: You are covered in fur. (AC +1) [Xom's grace]
 12272 | Lair:1   | Gained mutation: You are resistant to electric shocks. (rElec) [Xom's grace]
 12272 | Lair:1   | Gained mutation: You have hoof-like feet. [Xom's grace]
 12318 | Lair:1   | Noticed an oklob plant
 12336 | Lair:1   | XOM: enchant monster (good)
 12344 | Lair:1   | XOM: summons friendly red devil
 12556 | Lair:1   | XOM: cloud trail
 12897 | Lair:1   | XOM: god gift: blue potion {god gift}
 12961 | Lair:1   | XOM: polymorph komodo dragon -> raiju
 12995 | Lair:1   | Reached XP level 12. HP: 53/90 MP: 15/20
 13037 | Lair:1   | XOM: enchant monster (bad)
 13041 | Lair:1   | Reached skill level 1 in Stealth
 13050 | Lair:1   | XOM: fog
 13451 | Lair:1   | XOM: cleaving
 13770 | Lair:2   | Found a labyrinth entrance.
 13784 | Lab      | Entered a labyrinth
 13981 | Lab      | XOM: 5-stop teleportation journey
 14068 | Lab      | XOM: medium Tmut miscast
 14075 | Lab      | Gained mutation: Your body sometimes deteriorates upon taking damage. [mutagenic glow]
 14111 | Lab      | Lost mutation: You have supernaturally acute eyesight. (SInv) [mutagenic glow]
 14171 | Lab      | Lost mutation: You possess an exceptional clarity of mind. [mutagenic glow]
 14322 | Lab      | Noticed a minotaur
 14324 | Lab      | XOM: summons 2 friendly demons
 14339 | Lab      | XOM: enchant monster (bad)
 14343 | Lab      | XOM: cleaving
 14346 | Lab      | Killed a minotaur
 14769 | Lab      | XOM: medium Tloc miscast
 14960 | Lair:2   | XOM: give mutations
 14960 | Lair:2   | Gained mutation: Your flesh is heat resistant. (rF+) [Xom's grace]
 14960 | Lair:2   | Gained mutation: Your spells are a little harder to cast, but a little more powerful. [Xom's grace]
 15078 | Lair:2   | XOM: summons 3 hostile demons
 15140 | Lair:2   | XOM: swap monsters
 15165 | Lair:2   | Noticed Fannar
 15185 | Lair:2   | Killed Fannar
 15185 | Lair:2   | Reached skill level 1 in Throwing
 15339 | Lair:2   | XOM: blink monster(s)
 15388 | Lair:2   | Reached skill level 5 in Dodging
 15400 | Lair:2   | XOM: scenery: create altars
 15411 | Lair:2   | XOM: enchant monster (good)
 15413 | Lair:2   | XOM: harmless Conj miscast
 15921 | Lair:3   | XOM: god gift: potion of haste
 15950 | Lair:3   | XOM: mild Summ miscast
 16059 | Lair:3   | XOM: 1-stop teleportation journey
 16083 | Lair:3   | XOM: mild Erth miscast
 16091 | Lair:3   | Noticed Rupert
 16092 | Lair:3   | XOM: divine lightning
 16094 | Lair:3   | XOM: mild Tloc miscast
 16112 | Lair:4   | XOM: enchant monster (bad)
 16128 | Lair:4   | XOM: confuse monster(s)
 16326 | Lair:4   | XOM: summons friendly quasit
 16330 | Lair:4   | XOM: summons 12 friendly demons
 16352 | Lair:4   | Gained mutation: You regenerate magic rapidly. [demonic ancestry]
 16352 | Lair:4   | Reached XP level 13. HP: 74/104 MP: 21/21
 16499 | Lair:4   | Noticed Snorg
 16525 | Lair:4   | Killed Snorg
 16665 | Lair:4   | XOM: god gift: thick runed staff {god gift}
 16850 | Lair:3   | Paralysed by Rupert for 4 turns
 16867 | Lair:3   | XOM: butterfly on damage
 16872 | Lair:3   | XOM: smoke on damage
 16879 | Lair:3   | Killed Rupert
 16879 | Lair:3   | Reached skill level 5 in Throwing
 16887 | Lair:3   | XOM: cloud trail
 17060 | Lair:3   | XOM: medium Erth miscast
 17118 | Lair:3   | XOM: harmless Pois miscast
 17356 | Lair:3   | XOM: fog
 17652 | Lair:3   | Paralysed by a hornet for 1 turns
 17675 | Lair:3   | XOM: summons 2 friendly demons
 17713 | Lair:3   | XOM: confuse monster(s)
 17714 | Lair:3   | XOM: enchant monster (good)
 17796 | Lair:3   | XOM: 3-stop teleportation journey
 17867 | Lair:3   | XOM: divination: detect creatures
 17990 | Lair:3   | XOM: give mutations
 17990 | Lair:3   | Gained mutation: Your spells are harder to cast, but more powerful. [Xom's grace]
 17990 | Lair:3   | Gained mutation: Your spells are much harder to cast, but much more powerful. [Xom's grace]
 17990 | Lair:3   | Gained mutation: You have a pair of large horns on your head. [Xom's grace]
 17990 | Lair:3   | Gained mutation: You have sharp fingernails. [Xom's grace]
 18083 | Lair:3   | XOM: god gift: runed scale mail {god gift}
 18152 | Lair:3   | XOM: harmless Conj miscast
 18453 | Lair:3   | XOM: polymorph komodo dragon -> elephant
 18499 | Lair:3   | Reached skill level 10 in Fighting
 18697 | Lair:3   | Identified the Tome of Hurtful Weightlessness
 18767 | Lair:4   | Found a staircase to the Shoals.
 18917 | Lair:4   | XOM: summons 6 hostile demons
 19219 | Lair:4   | XOM: polymorph jumping spider -> tarantella
 19633 | Lair:4   | Found a runed door.
 19634 | Lair:4   | Noticed Urec's ghost (journeyman OpWn)
 19650 | Lair:4   | XOM: enchant monster (bad)
 19659 | Lair:4   | Killed Urec's ghost
 19737 | Lair:4   | XOM: draining
 19956 | Lair:4   | XOM: scenery: create altars
 20084 | Lair:4   | Found a hole to the Spider Nest.
 20213 | Lair:5   | XOM: cleaving
 20352 | Lair:5   | XOM: divine lightning
 20891 | Lair:5   | Found a staircase to the Slime Pits.
 20891 | Lair:5   | Found a viscous altar of Jiyva.
 20987 | Lair:5   | Identified a scroll of acquirement
 21061 | Lair:5   | XOM is BORED!
 21061 | Lair:5   | XOM: summons 3 hostile demons
 21112 | Lair:6   | Entered Level 6 of the Lair of Beasts
 21115 | Lair:6   | XOM: enchant monster (bad)
 21167 | Lair:6   | XOM: confuse monster(s)
 21280 | Lair:6   | Reached skill level 13 in Axes
 21648 | Lair:6   | XOM: summons 2 friendly demons
 21668 | Lair:6   | XOM: polymorph white imp -> quasit
 21671 | Lair:6   | XOM: summons 2 friendly demons
 21939 | Lair:6   | Gained mutation: You are mostly covered in rugged brown scales. (AC +2, +5% HP) [demonic ancestry]
 21939 | Lair:6   | Reached XP level 14. HP: 94/116 MP: 22/22
 22421 | Lair:6   | XOM: fog
 22433 | Lair:6   | XOM: divination: detect creatures
 22461 | Lair:6   | XOM: god gift: 23 arrows
 22608 | Lair:6   | XOM: confuse monster(s)
 22610 | Lair:6   | XOM: destruction
 22833 | Lair:6   | HP: 2/116 [guardian serpent/bolt of poison (13)]
 22846 | Lair:6   | HP: 1/116 [guardian serpent/bolt of poison (6)]
 22879 | Lair:6   | XOM: confuse monster(s)
 22887 | Lair:5   | HP: 5/116 [poisoned by a guardian serpent (bolt of poison)]
 22892 | Lair:5   | HP: 5/116 [poisoned by a guardian serpent (bolt of poison)]
 23129 | Lair:5   | XOM: scenery: create altars
 23154 | Lair:5   | XOM: divination: detect items
 23207 | Lair:5   | XOM: 1-stop teleportation journey
 23308 | Lair:6   | XOM: god gift: scroll of brand weapon
 23485 | Lair:6   | XOM: summons friendly quasit
 23607 | Lair:6   | XOM: 3-stop teleportation journey
 23899 | Lair:6   | XOM: cloud trail
 24035 | Lair:6   | Reached skill level 14 in Axes
 24042 | Lair:6   | XOM: scenery: create altars
 24044 | Lair:6   | XOM: summons 14 friendly demons
 24176 | Lair:6   | XOM: god gift: 1230 gold pieces
 24469 | Lair:6   | XOM: mild Tloc miscast
 24663 | Lair:6   | XOM: mild Conj miscast
 24741 | Lair:6   | XOM: noise
 24861 | Lair:6   | XOM: silly message
 24871 | Lair:6   | XOM: potion effect (curing)
 24912 | Lair:6   | HP: 3/116 [acid (9)]
 24959 | Lair:6   | XOM: divination: detect creatures
 25052 | Lair:6   | XOM: cloud trail
 25408 | Lair:6   | Reached XP level 15. HP: 122/122 MP: 23/23
 25417 | Lair:6   | XOM: give mutations
 25417 | Lair:6   | Gained mutation: You are somewhat resistant to further mutation. [Xom's grace]
 25417 | Lair:6   | Gained mutation: Your natural rate of healing is unusually fast. [Xom's grace]
 25417 | Lair:6   | Gained mutation: You possess an exceptional clarity of mind. [Xom's grace]
 25417 | Lair:6   | Lost mutation: You are somewhat resistant to further mutation. [Xom's grace]
 25417 | Lair:6   | Gained mutation: You evolve. [Xom's grace]
 25443 | Lair:6   | XOM: 5-stop teleportation journey
 25566 | Lair:6   | XOM: cleaving
 25570 | Lair:6   | Reached skill level 10 in Dodging
 25703 | Lair:6   | XOM: god gift: 3 javelins of returning
 25920 | Lair:6   | XOM: scenery: create altars
 25926 | Lair:6   | XOM: god gift: 7 gold pieces
 26205 | Spider:1 | Entered Level 1 of the Spider Nest
 26222 | Spider:1 | XOM: smoke on damage
 26348 | Spider:1 | XOM: summons 7 hostile demons
 26433 | Spider:1 | XOM: medium Necr miscast
 26489 | Spider:1 | XOM: repel stairs
 26797 | Spider:1 | XOM: summons 7 hostile demons
 26806 | Spider:1 | XOM: god gift: crooked glowing staff {god gift}
 26817 | Spider:1 | XOM: polymorph ice devil -> chaos spawn
 26828 | Lair:4   | XOM: potion effect (might)
 27033 | Spider:1 | XOM: summons 15 friendly demons
 27139 | Spider:1 | XOM: scenery: create altars
 27344 | Spider:1 | XOM: confuse monster(s)
 27346 | Spider:1 | XOM: summons 2 friendly demons
 27371 | Spider:1 | XOM: give mutations
 27371 | Spider:1 | Gained mutation: You have supernaturally acute eyesight. (SInv) [Xom's grace]
 27371 | Spider:1 | Gained mutation: You have very sharp fingernails. [Xom's grace]
 27373 | Spider:1 | XOM: scenery: create altars
 27400 | Spider:1 | XOM: cloud trail
 27553 | Spider:2 | XOM: enchant monster (good)
 27619 | Spider:2 | Lost mutation: You possess an exceptional clarity of mind. [evolution]
 27637 | Spider:2 | XOM: cleaving
 27642 | Spider:2 | Reached skill level 10 in Armour
 27671 | Spider:2 | XOM: cleaving
 27853 | Spider:2 | XOM: summons friendly quasit
 27950 | Spider:2 | XOM: god gift: glowing hunting sling {god gift}
 27963 | Spider:2 | XOM: fake destruction
 27976 | Spider:2 | XOM: 9-stop teleportation journey
 28040 | Spider:2 | XOM: enchant monster (good)
 28063 | Spider:2 | XOM: cleaving
 28088 | Spider:2 | HP: 3/122 [emperor scorpion (9)]
 28088 | Spider:2 | Slain by an emperor scorpion

Vault maps used:
D:1:      scummos_arrival_gate, grunt_decor_clamped, minivault_23, st_stairs_14,
          minmay_misc_feat_five
D:2:      chequers_ecumenical_altar_twisty, first_ration,
          minmay_misc_feat_more_columns, kennysheep_minor_cross, minmay_rat_hole
D:3:      nemelex_diamond_rough_becter
D:4:      uniq_natasha
D:5:      kennysheep_slugbush, minmay_temple_entry_poolview, serial_bayou,
          serial_bayou_pond_d, serial_bayou_pond_e, serial_bayou_pond_c,
          serial_bayou_lake_a
D:7:      nicolae_gozag_zags_fifth_avenue, gammafunk_temple_overflow_claw,
          biasface_ghost_orc_armoury, nicolae_ossuary_entry_plus,
          grunt_livestock
D:8:      trog_ov_bears_minmay, serial_shops, shop, minmay_mini_ossuary
D:9:      tgw_sif
D:10:     minmay_lair_entry_lava, grunt_ministairs_4
Lair:1:   st_stairs_10, cheibrodos_lair_lostbears, minmay_lair_oklob_chamber,
          infiniplex_staircase_pool, grunt_megastairs_1, serial_bayou_shore_b,
          serial_bayou_shore_b
Lair:2:   lab_entry_generic, uniq_fannar
Lair:3:   cheibrodos_lair_overgrown_chateau, serial_bayou_pond_e,
          grunt_forest_stairs_clearing, uniq_rupert
Lair:4:   minmay_shoals_entry_beasts, spider_nest_entry_funnel_web,
          ebering_ghost_inner_flame, uniq_snorg
Lair:5:   slime_altar_1, lemuel_fruit_tree
Lair:6:   hangedman_lair_tendril_chambers, guppyfry_lair_end_dragon, st_stairs_5
Spider:1: spider_trap, nicolae_looking_at_the_future
Spider:2: nicolae_spider_cling_halls
Lab:      labyrinth_hidden_loot, labyrinth_glass_1, nicolae_lab_plus,
          nicolae_lab_swirl, nicolae_lab_x, nicolae_lab_grate_2,
          nicolae_lab_stuck, labyrinth_skeletal_remains, nicolae_lab_statue
Ossuary:  ossuary_minmay_four_chambers

Skill      XL: |  1  2  3  4  5  6  7  8  9 10 11 12 13 14 15 |
---------------+----------------------------------------------+-----
Axes           | 3 4 5 6 8 11 12 13 14 | 14.4
Fighting       | 5 6 9 10 | 10.4
Armour         | 3 4 5 7 10 | 10.9
Dodging        | 2 4 6 8 9 10 | 10.2
Shields        | 4 5 |  5.4
Evocations     | 8 |  8.4
Stealth        | 4 |  4.3
Throwing       | 4 6 |  6.5

Action                   |  1- 3 |  4- 6 |  7- 9 | 10-12 | 13-15 || total
-------------------------+-------+-------+-------+-------+-------++-------
Melee: Hand axe          |    73 |   127 |   335 |   118 |       ||   653
       Battleaxe         |       |       |    11 |       |       ||    11
       War axe           |       |       |       |   684 |   919 ||  1603
       Headbutt          |       |       |       |   123 |   238 ||   361
       Kick              |       |       |       |       |   126 ||   126
Throw: Javelin           |       |     3 |     1 |     8 |    18 ||    30
       Tomahawk          |       |       |       |     3 |       ||     3
Evoke: Wand              |       |       |       |       |     4 ||     4
  Use: Scroll            |     2 |     2 |     5 |    17 |    10 ||    36
       Potion            |       |       |     4 |     7 |    16 ||    27
 Stab: Sleeping          |       |       |     1 |       |       ||     1
       Invisible         |       |       |     3 |     3 |     5 ||    11
       Distracted        |       |       |     2 |     2 |       ||     4
       Confused          |       |       |       |     1 |     2 ||     3
  Eat: Chunk             |     3 |     5 |    12 |    27 |    20 ||    67
       Ration            |       |       |       |     2 |     5 ||     7
Armor: Leather armour    |    11 |    59 |    85 |       |       ||   155
       Skin              |       |       |    34 |    83 |    21 ||   138
       Chain mail        |       |       |     7 |   339 |   314 ||   660
       Swamp dragon scal |       |       |       |       |   168 ||   168
Dodge: Dodged            |    45 |    53 |   193 |   327 |   729 ||  1347
Block: Buckler           |       |       |    60 |   326 |   472 ||   858

Table legend:
 A = Spawn XP
 B = Non-spawn XP
 C = Spawn XP percentage of total XP
 D = Spawn monster count
 E = Non-spawn monster count
 F = Spawn count percentage of total count
 G = Total turns spent on level
                    A         B        C        D         E        F      G
               +---------+---------+-------+---------+---------+-------+---------
         Total |       0 |  109873 |   0.0 |       0 |     660 |   0.0 | 28088
               +---------+---------+-------+---------+---------+-------+---------
           D:1 |       0 |      33 |   0.0 |       0 |      20 |   0.0 |  1396
           D:2 |       0 |     107 |   0.0 |       0 |      41 |   0.0 |   959
           D:3 |       0 |     133 |   0.0 |       0 |      19 |   0.0 |   489
           D:4 |       0 |     667 |   0.0 |       0 |      17 |   0.0 |  1104
           D:5 |       0 |     867 |   0.0 |       0 |      32 |   0.0 |  1296
           D:6 |       0 |     413 |   0.0 |       0 |      15 |   0.0 |   781
           D:7 |       0 |    3404 |   0.0 |       0 |      54 |   0.0 |  1027
           D:8 |       0 |    2087 |   0.0 |       0 |      39 |   0.0 |  1307
           D:9 |       0 |    3725 |   0.0 |       0 |      50 |   0.0 |  1550
          D:10 |       0 |    3369 |   0.0 |       0 |      32 |   0.0 |  1276
        Lair:1 |       0 |    7609 |   0.0 |       0 |      38 |   0.0 |  2051
        Lair:2 |       0 |    6772 |   0.0 |       0 |      19 |   0.0 |  1261
        Lair:3 |       0 |   13141 |   0.0 |       0 |      44 |   0.0 |  2426
        Lair:4 |       0 |   13791 |   0.0 |       0 |      38 |   0.0 |  2427
        Lair:5 |       0 |    4764 |   0.0 |       0 |      20 |   0.0 |  1846
        Lair:6 |       0 |   21221 |   0.0 |       0 |      78 |   0.0 |  4119
      Spider:1 |       0 |    9738 |   0.0 |       0 |      42 |   0.0 |   893
      Spider:2 |       0 |   14922 |   0.0 |       0 |      40 |   0.0 |   540
           Lab |       0 |    2280 |   0.0 |       0 |       7 |   0.0 |   998
       Ossuary |       0 |     830 |   0.0 |       0 |      15 |   0.0 |   342
               +---------+---------+-------+---------+---------+-------+---------
